 Dungeon Crawl Stone Soup version 0.19.0-24-gb05acd6 (webtiles) character file.

37 Leibowitz the Vexing (level 3, 0/39 HPs)
             Began as a Demigod Enchanter on Nov 21, 2016.
             Slain by Terence
             ... wielding a +0 flail
              (1 damage)
             ... on level 2 of the Dungeon.
             The game lasted 00:03:55 (1433 turns).

Leibowitz the Vexing (Demigod Enchanter)            Turns: 1433, Time: 00:03:55

Health: 0/39       AC:  3    Str: 16    XL:     3   Next: 8%
Magic:  7/8        EV: 12    Int: 21    God:
Gold:   64         SH:  4    Dex: 16    Spells: 2 memorised, 3 levels left

rFire  . . .     SeeInvis .     a - +1 dagger
rCold  . . .     Gourm    .     b - +1 robe
rNeg   . . .     Faith    .     g - +0 buckler
rPois  .         Spirit   .     (no helmet)
rElec  .         Reflect  .     (no cloak)
rCorr  .         Harm     .     (no gloves)
MR     .....                    (no boots)
Stlth  ..........               (no amulet)
                                (no ring)
                                (no ring)

@: berserking, flying, very quick
A: high mp 1
a: no special abilities


You were on level 2 of the Dungeon.
You were not hungry.

You visited 1 branch of the dungeon, and saw 2 of its levels.

You collected 64 gold pieces.

Inventory:

Hand Weapons
 a - a +1 dagger (weapon)
Missiles
 k - 5 poisoned needles
Armour
 b - a +1 robe (worn)
 g - a +0 buckler (worn)
Scrolls
 f - a scroll of identify {unknown}
 h - 4 scrolls of fear {unknown}
Potions
 j - a potion of berserk rage
Books
 c - a book of Maledictions

   Spells                             Type                      Level
   a - Corona                         Hexes                        1
   b - Ensorcelled Hibernation        Hexes/Ice                    2
   c - Confuse                        Hexes                        3
   d - Tukima's Dance                 Hexes                        3
   e - Dazzling Spray                 Conjuration/Hexes            3
Comestibles
 d - a bread ration


   Skills:
 + Level 1.1 Short Blades
 + Level 1.9 Dodging
 + Level 3.0 Stealth
 + Level 0.1 Shields
 * Level 2.1 Spellcasting
 * Level 3.2 Hexes
 + Level 0.1 Ice Magic


You had 3 spell levels left.
You knew the following spells:

 Your Spells              Type           Power        Failure   Level  Hunger
a - Corona                Hex            ###....      10%         1    #......
b - Ensorcelled Hibernat  Hex/Ice        #.....       21%         2    ##.....


Dungeon Overview and Level Annotations

Branches:
Dungeon (2/15)

Annotations:
D:2 Terence


Innate Abilities, Weirdness & Mutations

You have an increased reservoir of magic. (+10% MP)


Message History

Okay, then.
Unknown command.
Unknown command.
It was a potion of berserk rage.
A red film seems to cover your vision as you go berserk!
You feel yourself moving faster!
You feel mighty! Terence closely misses you.
You barely miss Terence. You closely miss Terence. Terence barely misses you.
You barely miss Terence. You hit Terence but do no damage.
Terence hits you with a flail.
* * * LOW HITPOINT WARNING * * *
You barely miss Terence. You hit Terence.
Terence is moderately wounded.
Terence hits you with a flail.
* * * LOW HITPOINT WARNING * * *
You hit Terence.
Terence is heavily wounded.
Terence hits you with a flail.
You die...

##.###### #..# #........
#..# #.# ..# #.# ... #.#
########.# ##.##
..≈≈≈...#..
#######.#.##.#######..<.
#......###..............
#.#####@#.######........
##@## #...†.... #.#
#........ #.# ###......
#.# #####..#... #.#
#.[........
#.#####.####.##..
#.......# #.# #.
######### #(# .


You could see Terence.

Vanquished Creatures
  An ooze (D:1)
  2 dart slugs (D:1)
  A leopard gecko (D:2)
  A giant cockroach (D:1)
  6 goblins (D:1)
  2 hobgoblins (D:1)
  3 kobolds (D:1)
  9 bats
  2 rats (D:1)
27 creatures vanquished.

Notes
Turn   | Place    | Note
-------+----------+-------------------------------------------
     0 | D:1      | Leibowitz the Demigod Enchanter began the quest for the Orb.
     0 | D:1      | Reached XP level 1. HP: 14/14 MP: 5/5
   228 | D:1      | Reached XP level 2. HP: 18/20 MP: 4/7
   232 | D:1      | Learned a level 2 spell: Ensorcelled Hibernation
   460 | D:1      | Reached skill level 1 in Short Blades
  1139 | D:1      | Reached XP level 3. HP: 18/26 MP: 8/8
  1394 | D:2      | Noticed Terence
  1430 | D:2      | HP: 1/39 [Terence/flail (6)]
  1433 | D:2      | Slain by Terence

Skill      XL: |  1  2 |
---------------+-------+-----
Spellcasting   | 2 |  2.1
Hexes          | 3 |  3.2
Short Blades   | 1 |  1.1
Stealth        | 3 |  3.0
Dodging        | |  1.9
Shields        | |  0.1
Ice Magic      | |  0.1

Action                   || total
-------------------------++-------
Melee: Dagger            ||   119
 Cast: Corona            ||     5
       Ensorcelled Hiber ||     2
  Use: Potion            ||     3
 Stab: Sleeping          ||     3
  Eat: Chunk             ||     2
Armor: Robe              ||    24
Dodge: Dodged            ||    70
Block: Buckler           ||    19
